 Dungeon Crawl Stone Soup version 0.31-a0-986-g5e6e4ef867 (webtiles) character file.

Game seed: 16310105004478428710

2329 mattiecakes the Shield-Bearer (level 9, -1/85 HPs)
             Began as a Gargoyle Fighter on Nov 15, 2023.
             Was a Believer of Ru.
             Slain by a gnoll sergeant
             ... wielding a +0 spear
              (2 damage)
             ... on level 6 of the Dungeon.
             The game lasted 00:19:03 (5186 turns).

mattiecakes the Shield-Bearer (Gargoyle Fighter)    Turns: 5186, Time: 00:19:04

Health: -1/85      AC: 24    Str: 23    XL:     9   Next: 42%
Magic:  0/9        EV:  2    Int:  8    God:    Ru [**....]
Gold:   337        SH:  9    Dex:  9    Spells: 8/8 levels left

rFire   . . .        a - +0 war axe (freeze)
rCold   . . .        B - +0 kite shield
rNeg    + . .        j - melded +0 chain mail
rPois   ∞            (helmet currently unavailable)
rElec   .            (cloak currently unavailable)
rCorr   +            (gloves currently unavailable)
SInv    .            p - melded +1 pair of boots
Will    .....        o - amulet of guardian spirit
Stlth   +            z - ring of resist corrosion
HPRegen 0.34/turn    (no ring)
MPRegen 0.11/turn

%: guardian spirit
@: tree-form
A: stationary, stasis, torment immunity, boosted hp, sickness immunity, AC +6,
negative energy resistance 1, (electricity resistance), torment resistance 1,
petrification resistance, inability to train dodging, no earth magic, no
translocations magic, no transmutations magic, (fire resistance 1), weak 1
a: Renounce Religion


You were on level 6 of the Dungeon.
You worshipped Ru.
Ru was pleased with you.
You were a tree.
You visited 1 branch of the dungeon, and saw 6 of its levels.
You also visited: Ossuary.

You collected 337 gold pieces.

Inventory:

Hand Weapons
 a - a +0 war axe of freezing (weapon)
 b - a +5 heavy battleaxe
Armour
 j - a +0 chain mail (melded)
 p - a +1 pair of boots (melded)
 B - a +0 kite shield (worn)
Jewellery
 o - an amulet of guardian spirit (around neck)
 z - a ring of resist corrosion (left branch)
Scrolls
 c - a scroll of vulnerability
 d - 2 scrolls of noise
 h - a scroll of revelation
 k - a scroll of immolation
 u - 4 scrolls of teleportation
 v - 2 scrolls of fog
Potions
 f - a potion of brilliance
 m - 3 potions of enlightenment
 n - 5 potions of attraction
 t - 2 potions of mutation
 w - 2 potions of haste
 x - a potion of cancellation


   Skills:
 + Level 7.5 Fighting
 + Level 5.8 Axes
 + Level 7.5 Armour
 + Level 7.5 Shields


You had 8 spell levels left.
You didn't know any spells.
Your spell library contained the following spells:

 Spells                   Type           Power      Damage    Failure   Level
 Kiss of Death            Conj/Necr      0%         2d5       63%         1
 Necrotise                Necr           0%         1d4       63%         1
 Summon Small Mammal      Summ           0%         N/A       63%         1
 Scorch                   Fire           0%         2d5       77%         2
 Confusing Touch          Hex            0%         N/A       94%         3
 Summon Guardian Golem    Hex/Summ       0%         N/A       94%         3
 Dispel Undead            Necr           0%         3d6       100%        4
 Flame Wave               Conj/Fire      0%         2d4       100%        4
 Conjure Ball Lightning   Conj/Air       0%         3x3d6     100%        6
 Summon Cactus Giant      Summ           0%         N/A       100%        6
 Orb of Destruction       Conj           0%         9d5       100%        7
 Spellforged Servitor     Conj/Summ      0%         N/A       100%        7
 Discord                  Hex            0%         N/A       100%        8
 Apportation              Tloc           Unusable   N/A       N/A         1
 Disjunction              Tloc           Unusable   N/A       N/A         8

Dungeon Overview and Level Annotations

Branches:
Dungeon (6/15)             Temple (0/1) D:4         Ossuary (visited)

Altars:
Ru
Trog
Yredelemnul

Shops:
D:1 !   D:5 !   D:6 [*

Annotations:
D:6 3 runed translucent doors, osoart's ghost, novice OpSh


Innate Abilities, Weirdness & Mutations

You are a tree.
Your roots penetrate the ground, keeping you stationary.
You cannot be teleported.
You are immune to unholy pain and torment.
Your maximum health is greatly increased.
Your equipment is partially melded.
You are immune to sickness and miasma.
((Your stone body is resilient. (AC +6)))
You are immune to poison.
You resist negative energy. (rN+)
((You are resistant to electric shocks. (rElec)))
You are resistant to unholy torment.
You are immune to petrification.
You cannot train Dodging skill.
You cannot study or cast Earth magic.
You cannot study or cast Translocations magic.
You cannot study or cast Transmutations magic.
((Your flesh is heat resistant. (rF+)))
You are weak. (Str -2)


Message History

You block the gnoll sergeant's attack. You block the gnoll's attack.
The gnoll hits you from afar with a +4 halberd!
* * * LOW HITPOINT WARNING * * *
The gnoll sergeant hits you from afar with a +0 spear.
* * * LOW HITPOINT WARNING * * *
The gnoll hits you with a +0 hand axe.
* * * LOW HITPOINT WARNING * * *
The gnoll hits you but does no damage. The gnoll sergeant barely misses you.
Unknown command.
Unknown command.
You turn into a tree.
Your +1 pair of boots melds into your body.
Your +0 chain mail melds into your body.
Your roots penetrate the ground.
The gnoll hits you but does no damage.
The gnoll sergeant hits you but does no damage.
The gnoll sergeant hits you with a +0 spear.
* * * LOW HITPOINT WARNING * * *
You focus your inner power and blind the gnoll sergeant in retribution!
The gnoll hits you with a +0 hand axe.
* * * LOW HITPOINT WARNING * * *
The gnoll hits you but does no damage.
Unknown command.
Unknown command.
Unknown command.
Unknown command.
Unknown command.
Okay, then.
You aren't carrying any items that you can evoke.
Okay, then.
Unknown command.
You strike the helpless gnoll sergeant from behind!
You hit the gnoll sergeant. You freeze the gnoll sergeant.
The gnoll sergeant is almost dead.
You slash the gnoll! You freeze the gnoll.
You kill the gnoll!
The gnoll hits you but does no damage. You block the gnoll sergeant's attack.
The gnoll hits you but does no damage.
The gnoll sergeant hits you but does no damage.
The gnoll sergeant hits you from afar with a +0 spear.
You die...

###§§......#..g......#..#
#§##########.#.#.###..# ###
#.###.# #..## ####.###.#
#...# #......### ##..#
#.....g######..#
##...ggg#.......##
#...)).)#........#
#...).)♣#.(....#.#
#)..####g).....#.+ ....
.......)...##..÷....###.....
...........##...)...........
####.......##....#.##.......
#.......##....#.###.....
....##.####...)#...#..##.#
..... ..# #<).............#
..... #.# ###.............>


You could see 2 gnoll sergeants and 3 gnolls.

Vanquished Creatures
  Prince Ribbit (D:5)
  Grinder (D:3)
  Sigmund (D:6)
  Edmund (D:6)
  2 water moccasins
  An orc warrior (D:6)
  2 centaurs (D:5)
  Blork the orc (D:4)
  5 water moccasin zombies (Ossuary)
  2 scorpions
  A howler monkey (D:5)
  3 orc priests
  A hound (D:4)
  6 iguanas
  A sleepcap (D:5)
  2 orc wizards
  Terence (D:3)
  2 mummies (Ossuary)
  9 gnolls
  7 adders
  2 adder zombies (Ossuary)
  A worm (D:2)
  3 dart slugs
  24 orcs
  9 ball pythons
  7 bats
  4 endoplasms
  4 giant cockroaches
  4 gnoll zombies (Ossuary)
  4 goblins
  7 hobgoblins
  2 jackals (D:3)
  7 kobolds
  4 quokkas
  5 frilled lizards
  7 hobgoblin zombies (Ossuary)
  3 kobold zombies (Ossuary)
  4 orc zombies (Ossuary)
  6 rats
157 creatures vanquished.

Vanquished Creatures (others)
  2 orc wizards (D:6)
  A gnoll (D:6)
  An orc (D:6)
4 creatures vanquished.

Grand Total: 161 creatures vanquished

Notes
Turn   | Place    | Note
-------+----------+-------------------------------------------
     0 | D:1      | mattiecakes the Gargoyle Fighter began the quest for the
                  | Orb.
     0 | D:1      | Reached XP level 1. HP: 14/14 MP: 1/1
    46 | D:1      | Found Rulige Puko's Distillery.
   253 | D:1      | Reached XP level 2. HP: 19/19 MP: 2/2
   598 | D:2      | Found Bypoxid's Distillery.
   696 | D:2      | Found a bloodstained altar of Trog.
   753 | D:2      | Reached XP level 3. HP: 23/23 MP: 3/3
   810 | D:2      | Found a faded altar of an unknown god.
   829 | D:2      | Prayed at the altar of an unknown god.
   829 | D:2      | Became a worshipper of Ru the Awakened
   839 | D:2      | Gained mutation: You cannot study or cast Earth magic. [Ru
                  | sacrifice]
   839 | D:2      | Gained mutation: You cannot study or cast Transmutations
                  | magic. [Ru sacrifice]
   839 | D:2      | Gained mutation: You cannot study or cast Translocations
                  | magic. [Ru sacrifice]
   839 | D:2      | Reached * piety under Ru
  1244 | D:3      | Noticed Grinder
  1247 | D:3      | Paralysed by Grinder for 5 turns
  1263 | D:3      | Paralysed by Grinder for 3 turns
  1268 | D:3      | Paralysed by Grinder for 4 turns
  1274 | D:3      | Paralysed by Grinder for 4 turns
  1283 | D:3      | Paralysed by Grinder for 3 turns
  1292 | D:3      | Killed Grinder
  1293 | D:3      | Reached XP level 4. HP: 26/30 MP: 4/4
  1293 | D:3      | Reached XP level 5. HP: 30/34 MP: 5/5
  1293 | D:3      | Reached XP level 6. HP: 34/39 MP: 6/6
  1402 | D:3      | Noticed Terence
  1411 | D:3      | Gained mutation: You passively map a small area around you.
                  | [potion of mutation]
  1411 | D:3      | Gained mutation: You have large cloven feet. [potion of
                  | mutation]
  1418 | D:3      | Killed Terence
  1785 | D:3      | Lost mutation: You passively map a small area around you.
                  | [potion of mutation]
  1785 | D:3      | Lost mutation: You have large cloven feet. [potion of
                  | mutation]
  1785 | D:3      | Gained mutation: You are weak. (Str -2) [potion of
                  | mutation]
  1785 | D:3      | Gained mutation: Your flesh is heat resistant. (rF+)
                  | [potion of mutation]
  1937 | D:3      | Found a basalt altar of Yredelemnul.
  2147 | D:4      | Noticed Blork the orc
  2160 | D:4      | Killed Blork the orc
  2161 | D:4      | Reached skill level 5 in Armour
  2181 | D:4      | Found a staircase to the Ecumenical Temple.
  2188 | D:4      | Reached skill level 5 in Fighting
  2188 | D:4      | Reached skill level 5 in Shields
  2194 | D:4      | Found a sand-covered staircase.
  2203 | Ossuary  | Entered an ossuary
  2310 | Ossuary  | Reached XP level 7. HP: 39/44 MP: 7/7
  2746 | D:4      | Reached XP level 8. HP: 32/51 MP: 6/8
  3000 | D:4      | Gained mutation: You cannot train Dodging skill. [Ru
                  | sacrifice]
  3000 | D:4      | Reached ** piety under Ru
  3877 | D:5      | Entered Level 5 of the Dungeon
  4043 | D:5      | Found Mauleus's Distillery.
  4495 | D:6      | Noticed Sigmund
  4520 | D:6      | Killed Sigmund
  4521 | D:6      | Reached skill level 5 in Axes
  4540 | D:6      | Found a runed translucent gate.
  4540 | D:6      | Found a runed translucent gate.
  4540 | D:6      | Found a runed translucent gate.
  4544 | D:6      | Noticed osoart's ghost (novice OpSh)
  4562 | D:6      | Noticed Prince Ribbit
  4901 | D:5      | Killed Prince Ribbit
  4902 | D:5      | Reached XP level 9. HP: 38/57 MP: 4/9
  5081 | D:6      | Found Vestonta's Assorted Antiques.
  5098 | D:6      | Noticed Edmund
  5100 | D:6      | Found Ocisk's Antique Armour Boutique.
  5116 | D:6      | Killed Edmund
  5185 | D:6      | HP: 1/85 [gnoll/+0 hand axe[a gnoll sergeant] (4)]
  5186 | D:6      | Slain by a gnoll sergeant

Illustrated notes

Levels and vault maps discovered:
D:1:      mainiacjoe_arrival_reflecting_pool, layout_rooms, serial_shops,
          nicolae_shop_hallway_stairs, serial_bayou_lake_a
D:2:      layout_loops_cross, shapermc_ecumenical_altar_mp_vishouse,
          basic_altar, serial_shops, shop, reono_crystal_passage
D:3:      layout_loops_ring, lemuel_crystal_altar, uniq_terence, uniq_grinder
D:4:      layout_loops_ring, minmay_temple_entry_slanted,
          nicolae_ossuary_entry_monument,
          mainiacjoe_sewer_entry_somewhere_in_here_2, uniq_blork_the_orc
D:5:      layout_basic, nicolae_take_the_stairs
D:6:      layout_basic, kennysheep_mini_moat, serial_shops,
          nicolae_shop_rolled_up, nicolae_shop_peninsula, shop,
          gammafunk_ghost_split, uniq_edmund, uniq_sigmund, uniq_prince_ribbit1

Skill      XL: |  1  2  3  4  5  6  7  8 |
---------------+-------------------------+-----
Axes           | 2 3 4 5 |  5.8
Fighting       | 4 5 7 |  7.5
Armour         | 4 5 7 |  7.5
Shields        | 4 5 7 |  7.5

Action                     |  1- 3 |  4- 6 |  7- 9 || total
---------------------------+-------+-------+-------++-------
  Melee: War axe           |   109 |   114 |   416 ||   639
         Kick              |       |    13 |       ||    13
 Invoke: Sacrifice Arcana  |     1 |       |       ||     1
         Sacrifice Nimblen |       |       |     1 ||     1
    Use: Potion            |     1 |     2 |    10 ||    13
         Scroll            |       |     2 |    17 ||    19
   Stab: Invisible         |       |       |     3 ||     3
 Armour: Scale mail        |    82 |    47 |       ||   129
         Chain mail        |       |    29 |   410 ||   439
         Skin              |       |       |    23 ||    23
  Dodge: Dodged            |    49 |    44 |   161 ||   254
  Block: Buckler           |    23 |    17 |    54 ||    94
         Kite shield       |       |       |   118 ||   118

Table legend: (Time is in decaauts)
 A = Elapsed time spent in this place.
 B = Non-inter-level travel time spent in this place.
 C = Inter-level travel time spent in this place.
 D = Time resting spent in this place.
 E = Time spent auto-exploring this place.
 F = Levels seen in this place.
 G = Mean time per level.
                   A        B        C        D        E       F      G
               +--------+--------+--------+--------+--------+-----+--------+
         Total |   5482 |   5186 |    296 |    620 |   3038 |   7 |  783.1 |
       Dungeon |   5039 |   4743 |    296 |    469 |   2901 |   6 |  839.8 |
       Ossuary |    443 |    443 |      0 |    151 |    137 |   1 |  443.0 |
               +--------+--------+--------+--------+--------+-----+--------+

Top non-repeatable levels by time:
     D:4: 1410 daAuts
     D:5: 987 daAuts
     D:3: 929 daAuts
     D:2: 738 daAuts
     D:1: 575 daAuts
 Ossuary: 443 daAuts
     D:6: 398 daAuts
